 Dungeon Crawl Stone Soup version 0.27-a0-1116-g91b3acb402 (webtiles) character file.

Game seed: 1757091934499123617

8547 Mels the Transmogrifier (level 11, -3/92 HPs)
             Began as a Green Draconian Transmuter on May 2, 2021.
             Was an Elder of Qazlal.
             Slain by a two-headed ogre
             ... wielding a +0 giant club
              (14 damage)
             ... on level 11 of the Dungeon.
             The game lasted 00:22:03 (13815 turns).

Mels the Transmogrifier (DrTm)                     Turns: 13815, Time: 00:22:03

Health: -3/92      AC:  8    Str: 15    XL:     11   Next: 11%
Magic:  23/23      EV: 22    Int: 14    God:    Qazlal [****..]
Gold:   539        SH:  5    Dex: 12    Spells: 22/26 levels left

rFire    . . .     SeeInvis .   i - +0 trident (flame)
rCold    . . .     Faith    +   (no shield)
rNeg     . . .     Spirit   .   (armour unavailable)
rPois    +         Reflect  .   (helmet restricted)
rElec    .         Harm     .   (no cloak)
rCorr    .         Rampage  .   K - +0 pair of gloves
Will     .....                  (no boots)
Stlth    +.........             C - amulet of faith
HPRegen  0.25/turn              m - +4 ring of evasion
MPRegen  0.18/turn              a - +4 ring of evasion

@: repel missiles
A: breathe noxious fumes, AC +7, unfitting armour, poison resistance,
cold-blooded
a: Breathe Noxious Fumes, Renounce Religion, Upheaval, Elemental Force


You were on level 11 of the Dungeon.
You worshipped Qazlal.
Qazlal was greatly pleased with you.
You visited 1 branch of the dungeon, and saw 11 of its levels.
You also visited: Bailey.

You collected 539 gold pieces.

Inventory:

Hand Weapons
 i - a +0 trident of flaming (weapon)
Missiles
 I - 3 curare-tipped darts
Armour
 e - a +0 buckler
 K - a +0 pair of gloves (worn)
Jewellery
 a - a +4 ring of evasion (right hand)
 h - a +4 ring of protection
 m - a +4 ring of evasion (left hand)
 q - an amulet of the acrobat
 u - a +6 ring of intelligence
 C - an amulet of faith (around neck)
 J - an amulet of guardian spirit
Wands
 o - a wand of flame (49)
 r - a wand of iceblast (32)
Scrolls
 b - a scroll of magic mapping
 g - a scroll of enchant weapon {unknown}
 n - a scroll of torment
 p - 2 scrolls of immolation
 v - a scroll of vulnerability {unknown}
 w - a scroll of fog {unknown}
 y - a scroll of fear {unknown}
 z - 2 scrolls of teleportation
 D - a scroll of amnesia
 E - a scroll of silence
 H - 3 scrolls of identify
Potions
 c - 3 potions of might
 d - a potion of brilliance
 f - 3 potions of flight
 j - 3 potions of curing
 k - 8 potions of heal wounds
 l - a potion of degeneration {unknown}
 s - a potion of berserk rage
 t - 2 potions of attraction {unknown}
 x - a potion of invisibility {unknown}
 A - a potion of ambrosia {unknown}
 B - 4 potions of magic {unknown}
 F - 4 potions of mutation {unknown}
 G - a potion of experience {unknown}
 L - a potion of haste {unknown}


   Skills:
 + Level 7.3 Fighting
 + Level 6.2 Dodging
 + Level 7.1 Unarmed Combat
 * Level 8.3 Spellcasting
 * Level 8.8 Transmutations
 - Level 5.6 Poison Magic


You had 22 spell levels left.
You knew the following spells:

 Your Spells              Type           Power      Damage    Failure   Level
a - Beastly Appendage     Tmut           60%        N/A       1%          1
b - Spider Form           Tmut/Pois      13%        N/A       1%          3

Your spell library contained the following spells:

 Spells                   Type           Power      Damage    Failure   Level
 Wereblood                Tmut           30%        N/A       1%          2
 Hydra Form               Tmut           15%        N/A       10%         5
 Animate Skeleton         Necr           10%        N/A       13%         1
 Corona                   Hex            5%         N/A       13%         1
 Magic Dart               Conj           20%        1d4       13%         1
 Pain                     Necr           20%        1d5       13%         1
 Ensorcelled Hibernation  Hex/Ice        10%        N/A       19%         2
 Searing Ray              Conj           10%        3d3       19%         2
 Ice Form                 Ice/Tmut       18%        N/A       21%         4
 Confusing Touch          Hex            5%         N/A       36%         3
 Dazzling Flash           Conj/Hex       10%        N/A       36%         3
 Tukima's Dance           Hex            5%         N/A       36%         3
 Vampiric Draining        Necr           2%         2d6       36%         3
 Animate Dead             Necr           2%         N/A       77%         4
 Fulminant Prism          Conj/Hex       2%         3d6       77%         4
 Iskenderun's Mystic Bla  Conj/Tloc      5%         2d3       77%         4
 Agony                    Necr           5%         N/A       98%         5
 Bolt of Magma            Conj/Fire/Erth 2%         4d4       98%         5
 Iskenderun's Battlesphe  Conj           5%         2d6       98%         5
 Iron Shot                Conj/Erth      2%         9d2       100%        6
 Orb of Destruction       Conj           2%         9d1       100%        7
 Spellforged Servitor     Conj/Summ      2%         N/A       100%        7


Dungeon Overview and Level Annotations

Branches:
Dungeon (11/15)            Temple (0/1) D:6          Bailey (visited)
   Lair: D:8-11         Orc: D:9-12

Altars:
Fedhas
Kikubaaqudgha
Qazlal
Uskayaw
Xom

Annotations:
D:4 2 runed translucent doors
D:5 1 runed translucent door, Crazy Yiuf
D:9 Grum
D:11 1 runed translucent door


Innate Abilities, Weirdness & Mutations

You can breathe blasts of noxious fumes.
Your lurid green scales are hard. (AC +7)
You cannot fit into any form of body armour.
Your system is resistant to poisons. (rPois)
You are cold-blooded and may be slowed by cold attacks.


Message History

The killer bee closely misses you.
You closely miss the killer bee.
The killer bee is moderately wounded.
You feel sick. You block the killer bee's attack. The killer bee stings you.
The killer bee completely misses you. The killer bee closely misses you.
You hit the killer bee.
The killer bee looks as sick as possible!
The killer bee is heavily wounded.
You feel sick.
The killer bee completely misses you. x3
The killer bee stings you.
You bite the killer bee!
You kill the killer bee!
Qazlal accepts your kill.
You feel sick. The killer bee completely misses you.
You bite the killer bee!
You kill the killer bee!
Qazlal accepts your kill.
Your transformation is almost over.
You feel sick.
You are no longer poisoned.
You bite the two-headed ogre!
The two-headed ogre is poisoned.
The two-headed ogre is lightly wounded.
You block the two-headed ogre's attack. x2
Found 18 gold pieces.
The two-headed ogre completely misses you.
The two-headed ogre hits you with a +0 dire flail!
You bite the two-headed ogre!
The two-headed ogre looks as sick as possible!
The two-headed ogre is moderately wounded.
A manticore comes into view.
Your transformation has ended.
Your +0 trident of flaming unmelds from your body.
Your +0 pair of gloves unmelds from your body.
Your +0 trident of flaming bursts into flame!
The manticore flicks its tail.
The volley of spikes is repelled.
The two-headed ogre hits you with a +0 giant club!!
* * * LOW HITPOINT WARNING * * *
The two-headed ogre hits you with a +0 dire flail!
You die...

........####...##..#....
....$....##.†......#.#.#
.........##.>##......#..
#.............#<........
#......°°.....##..######
#...H○..#######..#≈≈#D.
#..#.☼.§# #..#≈§#..
#.°O.# #..####.. ##.@##
#..+DDD[. #...#
#..#....# ##..#
##.#.⌠..# #### #.# ...#
#.##### #.. ...


You could see a two-headed ogre (extremely poisoned) and a manticore.

Vanquished Creatures
  A two-headed ogre (D:9)
  Pikel (D:5)
  Joseph (D:7)
  2 trolls (D:9)
  4 yaks (D:10)
  Eustachio (D:5)
  A wyvern (D:8)
  8 orc warriors
  An ice beast (D:6)
  3 necrophages
  3 sky beasts
  5 black bears
  A wolf (D:10)
  4 ogres
  6 centaurs
  3 lemures
  3 phantoms
  Blork the orc (D:4)
  3 bullfrogs
  3 kobold brigands
  4 gnoll sergeants
  4 scorpions
  13 killer bees
  5 wights (D:7)
  3 howler monkeys
  A bullfrog zombie (D:5)
  A centaur zombie (D:8)
  3 hounds
  3 jellies
  5 orc priests
  A gnoll shaman (D:8)
  A bullfrog skeleton (D:6)
  5 iguanas
  4 orc wizards
  A hound skeleton (D:5)
  2 howler monkey zombies
  23 gnolls
  10 adders
  2 white imps (D:6)
  An ufetubus (D:7)
  A worm (D:3)
  6 dart slugs
  24 orcs
  8 ball pythons
  A bat (D:2)
  A giant cockroach (D:2)
  2 goblins
  20 hobgoblins
  4 jackals (D:1)
  5 quokkas
  2 frilled lizards
  14 kobolds
  12 rats
247 creatures vanquished.

Vanquished Creatures (others)
  28 fungi (D:9)
  21 plants (D:9)
49 creatures vanquished.

Grand Total: 296 creatures vanquished

Notes
Turn   | Place    | Note
-------+----------+-------------------------------------------
     0 | D:1      | Mels the Draconian Transmuter began the quest for the Orb.
     0 | D:1      | Reached XP level 1. HP: 16/16 MP: 3/3
   192 | D:1      | Reached XP level 2. HP: 16/23 MP: 5/5
  1442 | D:3      | Reached XP level 3. HP: 28/28 MP: 4/6
  1832 | D:3      | Found a blossoming altar of Fedhas.
  1842 | D:3      | Found a stormy altar of Qazlal.
  1854 | D:3      | Became a worshipper of Qazlal Stormbringer
  2286 | D:1      | Reached XP level 4. HP: 36/36 MP: 6/8
  2375 | D:1      | Found a faded altar of an unknown god.
  2717 | D:4      | Noticed Blork the orc
  2745 | D:4      | Found a large runed translucent door.
  2745 | D:4      | Found a large runed translucent door.
  2746 | D:4      | Noticed an ogre
  2854 | D:5      | Entered Level 5 of the Dungeon
  3345 | D:5      | Reached XP level 5. HP: 36/41 MP: 9/9
  3645 | D:5      | Noticed a sky beast
  3662 | D:5      | Killed a sky beast
  3663 | D:5      | Reached XP level 6. HP: 28/50 MP: 11/11
  3915 | D:5      | Noticed Pikel
  4248 | D:6      | Reached * piety under Qazlal
  4313 | D:6      | Your scales start taking on a lurid green colour.
  4313 | D:6      | Reached XP level 7. HP: 52/57 MP: 13/13
  4313 | D:6      | Gained mutation: Your system is resistant to poisons.
                  | (rPois) [Green Draconian growth]
  4541 | D:6      | Found a staircase to the Ecumenical Temple.
  4749 | D:6      | Reached skill level 1 in Poison Magic
  5439 | D:6      | Reached XP level 8. HP: 55/66 MP: 15/15
  5627 | D:6      | Learned a level 3 spell: Spider Form
  5858 | D:5      | Killed Pikel
  5859 | D:5      | Reached skill level 5 in Spellcasting
  5859 | D:5      | Reached skill level 5 in Transmutations
  6082 | D:5      | Reached skill level 5 in Unarmed Combat
  6097 | D:5      | Noticed Eustachio
  6119 | D:5      | Killed Eustachio
  6120 | D:5      | Reached skill level 5 in Poison Magic
  6272 | D:5      | Reached XP level 9. HP: 72/73 MP: 13/17
  6488 | D:5      | Found a runed translucent door.
  6489 | D:5      | Noticed Crazy Yiuf
  6746 | D:4      | Reached ** piety under Qazlal
  6987 | D:4      | Killed Blork the orc
  6988 | D:4      | Reached skill level 5 in Fighting
  7286 | D:4      | Found a shimmering altar of Xom.
  8313 | D:7      | Noticed Joseph
  8328 | D:7      | Killed Joseph
  8329 | D:7      | Reached skill level 5 in Dodging
  9248 | D:8      | Found a flagged portal.
  9256 | Bailey   | Entered a bailey
  9460 | Bailey   | Reached *** piety under Qazlal
  9546 | Bailey   | Reached XP level 10. HP: 61/83 MP: 17/20
 10117 | D:8      | Found a hide-covered altar of Uskayaw.
 10119 | D:8      | Found an ancient bone altar of Kikubaaqudgha.
 11637 | D:9      | Reached **** piety under Qazlal
 12007 | D:9      | Noticed a two-headed ogre
 12014 | D:9      | Killed a two-headed ogre
 12510 | D:9      | You fall into a shaft and drop 2 floors!
 12510 | D:11     | Found a runed translucent door.
 12510 | D:11     | Found the +2 shield of Resistance {rF++ rC++ Will++}
 12510 | D:11     | Noticed a fire dragon
 12511 | D:11     | Noticed an ice dragon
 12511 | D:11     | Noticed a fire dragon
 12513 | D:11     | Noticed an ice dragon
 12515 | D:10     | Entered Level 10 of the Dungeon
 12658 | D:9      | Noticed Grum
 13214 | D:10     | Reached XP level 11. HP: 75/92 MP: 20/23
 13798 | D:11     | Noticed a two-headed ogre
 13815 | D:11     | Slain by a two-headed ogre

Illustrated notes

Levels and vault maps discovered:
D:1:      dpeg_arrival_pits, layout_basic, ebering_ecumenical_altar_hall,
          minmay_stone_trees_medium
D:2:      layout_loops_ring
D:3:      layout_loops_cross, grunt_temple_overflow_forces_of_nature,
          gup_sewer_entry_glass, kennysheep_generic_room_8
D:4:      due_chaos_kobolds, layout_loops_ring, minmay_curled_crystal,
          uniq_blork_the_orc
D:5:      minmay_bubble_buster, layout_cave_pools, uniq_crazy_yiuf_cottage,
          uniq_pikel, uniq_eustachio
D:6:      layout_loops_ring, minmay_temple_entry_slanted, minivault_5,
          serial_park_tiny_2, kennysheep_generic_room_16
D:7:      layout_basic, uniq_joseph
D:8:      nicolae_whirlpool, layout_loops_ring, jmf_multi_god_temple,
          enter_bailey_2, amethyst_killhole
D:9:      layout_loops_ring, grunt_temple_overflow_order_and_chaos_2,
          grunt_lair_entry_orc_guard_hut,
          kennysheep_orc_monster_closet_entryway, uniq_grum
D:10:     layout_roguey, kennysheep_generic_room_11
D:11:     layout_cave_pools, minmay_guarded_unrand_resistance, uniq_erolcha

Skill      XL: |  1  2  3  4  5  6  7  8  9 10 |
---------------+-------------------------------+-----
Dodging        | 2 3 4 5 6 |  6.2
Fighting       | 2 3 4 6 7 |  7.3
Spellcasting   | 3 4 5 6 8 |  8.3
Transmutations | 3 4 5 7 8 |  8.8
Unarmed Combat | 4 5 6 7 |  7.1
Poison Magic   | 2 5 |  5.6

Action                   |  1- 3 |  4- 6 |  7- 9 | 10-12 || total
-------------------------+-------+-------+-------+-------++-------
Melee: Unarmed           |    41 |       |   257 |   317 ||   615
       Kick              |    14 |    18 |     3 |       ||    35
       Tailslap          |    10 |     6 |     7 |     1 ||    24
       Spear             |    68 |       |       |       ||    68
       Headbutt          |    13 |     8 |     1 |       ||    22
       Punch             |     1 |     1 |     4 |     1 ||     7
       Trident           |    21 |   103 |   118 |    23 ||   265
 Cast: Beastly Appendage |    33 |    21 |     4 |       ||    58
       Spider Form       |       |       |    35 |    29 ||    64
 Abil: Breathe Noxious F |       |       |     6 |       ||     6
  Use: Scroll            |       |     3 |     4 |     4 ||    11
       Potion            |       |     2 |       |     1 ||     3
 Stab: Sleeping          |       |     2 |       |       ||     2
Armor: Skin              |    31 |    59 |    37 |     9 ||   136
Dodge: Dodged            |    82 |    96 |   349 |   365 ||   892
       Repelled          |       |       |       |     1 ||     1
Block: Other             |       |     1 |    27 |    83 ||   111

Table legend: (Time is in decaauts)
 A = Elapsed time spent in this place.
 B = Non-inter-level travel time spent in this place.
 C = Inter-level travel time spent in this place.
 D = Time resting spent in this place.
 E = Time spent auto-exploring this place.
 F = Levels seen in this place.
 G = Mean time per level.
                   A        B        C        D        E       F      G
               +--------+--------+--------+--------+--------+-----+--------+
         Total |  13863 |  13415 |    448 |   1671 |   9291 |  12 | 1155.2 |
       Dungeon |  13280 |  12832 |    448 |   1671 |   8869 |  11 | 1207.3 |
        Bailey |    582 |    582 |      0 |      0 |    422 |   1 |  582.0 |
               +--------+--------+--------+--------+--------+-----+--------+

Top non-repeatable levels by time:
     D:5: 1858 daAuts
     D:6: 1843 daAuts
     D:7: 1765 daAuts
     D:9: 1626 daAuts
     D:8: 1297 daAuts
    D:10: 1089 daAuts
     D:2: 980 daAuts
     D:3: 977 daAuts
     D:4: 934 daAuts
     D:1: 861 daAuts
  Bailey: 582 daAuts
    D:11: 46 daAuts
